 Dungeon Crawl Stone Soup version 0.22-a0-447-gee5f723 (webtiles) character file.

3784 ArgaWasAlreadyTaken the Blocker (level 9, 0/86 HPs)
             Began as a Deep Dwarf Fighter on June 3, 2018.
             Slain by a two-headed ogre
             ... wielding a +0 dire flail
              (4 damage)
             ... on level 8 of the Dungeon.
             The game lasted 00:03:49 (3065 turns).

ArgaWasAlreadyTaken the Blocker (DDFi)              Turns: 3065, Time: 00:03:50

Health: 0/86       AC: 18    Str: 24    XL:     9   Next: 95%
Magic:  3/3        EV:  6    Int:  8    God:
Gold:   258        SH: 15    Dex: 12    Spells: 8/8 levels left

rFire    . . .     SeeInvis .   a - +0 war axe
rCold    . . .     Gourm    .   c - +0 shield
rNeg     . . .     Faith    .   r - +0 plate armour
rPois    .         Spirit   .   q - +1 hat
rElec    .         Reflect  .   (no cloak)
rCorr    +         Harm     .   (no gloves)
MR       +....                  (no boots)
Stlth    ..........             (no amulet)
HPRegen  0.00/turn              g - ring of resist corrosion
MPRegen  0.08/turn              J - +4 ring of protection

@: non-regenerating
A: damage resistance, heal wounds, fangs 1, large bone plates 1, sense
surroundings 2, evolution 1, no regeneration
a: Heal Wounds


You were on level 8 of the Dungeon.
You were hungry.

You visited 2 branches of the dungeon, and saw 9 of its levels.

You collected 258 gold pieces.

Inventory:

Hand Weapons
 a - a +0 war axe (weapon)
 K - a +0 scimitar of flaming
Armour
 c - a +0 shield (worn)
 q - a +1 hat (worn)
 r - a +0 plate armour (worn)
Jewellery
 g - a ring of resist corrosion (left hand)
 J - a +4 ring of protection (right hand)
Wands
 A - a wand of acid (7)
 D - a wand of digging (14)
 I - a wand of iceblast (12)
Scrolls
 j - 4 scrolls of identify {unknown}
 k - a scroll of amnesia {unknown}
 l - 6 scrolls of teleportation {unknown}
 o - a scroll of noise {unknown}
 t - a scroll of enchant weapon {unknown}
 w - a scroll of immolation {unknown}
 y - a scroll of torment {unknown}
 E - a scroll of enchant armour {unknown}
 G - a scroll of random uselessness {unknown}
Potions
 d - 3 potions of might
 m - a potion of flight
Comestibles
 f - 7 rations


   Skills:
 + Level 7.1 Fighting
 + Level 8.2 Axes
 + Level 8.5 Armour
 + Level 8.5 Shields


You had 8 spell levels left.
You didn't know any spells.
Your spell library contained the following spells:

 Spells                   Type           Power        Failure   Level  Hunger
 Fireball                 Conj/Fire      #.........   100%        5    ######.
 Conjure Flame            Conj/Fire      #.......     100%        3    ####...
 Throw Flame              Conj/Fire      #.....       100%        2    ###....
 Sticky Flame             Conj/Fire      #.......     100%        4    #####..
 Flame Tongue             Conj/Fire      #....        100%        1    ##.....
 Inner Flame              Hex/Fire       #.......     100%        3    ####...


Dungeon Overview and Level Annotations

Branches:
Dungeon (8/15)             Temple (1/1) D:4
   Lair: D:8-11

Altars:
Cheibriados
Elyvilon
Fedhas
Gozag
Hepliaklqana
Nemelex Xobeh
Okawaru
Sif Muna
Trog
Uskayaw
Vehumet
Wu Jian
Xom
Yredelemnul
The Shining One

Shops:
D:4 *


Innate Abilities, Weirdness & Mutations

You are resistant to damage.
You can heal yourself by infusing magical energy.
You passively map the area around you.
You do not regenerate.
You have very sharp teeth.
You are partially covered in large bone plates. (SH +4)
You evolve.


Message History

You dice the two-headed ogre like an onion!
The two-headed butt is moderately wounded!
You block the two-headed ogre's attack! x2
You dice the two-headed ogre butt do no damage!
The two-headed ogre is moderately wounded!
The two-headed ogre hits you with a dire flail!!!!!!
The two-headed ogre hits you with a giant club!!!
Unknown command!
You barely butts the two-headed ogre!
The two-headed ogre is moderately wounded!
The two-headed ogre hits you with a dire flail!!! * * * don't die
* * * You block the two-headed ogre's attack!
Your plate armour prevents you from hitting the two-headed ogre!
You bite the two-butt ogre!
The two-headed ogre is moderately wounded!
The two-headed ogre hits you with a dire flail!!! * * * don't die
* * * The two-headed ogre hits you with a giant club! rip

, ,, , *
.#.*#.....##.#..... ,
,,, #....#..............
, ,
#####....#..............
,, , ,
........................
, ,
##......................
.....................#..
#...................#..
,
,##...................#
,
......O@.............##.
,,, ,
..)..#..................
... #.....####....#####
, . ,##...## #.###.....
, , , , *#...# #.#
#.#### , #...# #.# #.#
*# ,, , ##### #.# ...,*#
* * #.#.#.#.*#
#.#.#.#.##


You could see a two-headed ogre.

Vanquished Creatures
  Erica (D:8)
  The ghost of wazuzu the Covered, a novice GnWn of the Shining One (D:8)
  A troll (D:8)
  A hippogriff (D:8)
  The ghost of ArgaWasAlreadyTaken the Covered, an amateur DDFi (D:4)
  An orc warrior (D:6)
  A phantom (D:6)
  An ice beast (D:5)
  2 sky beasts
  An ogre (D:8)
  2 centaurs
  2 bullfrogs (D:6)
  A wyvern skeleton (D:8)
  2 howler monkeys
  4 crimson imps (D:7)
  3 hounds
  2 centaur skeletons
  6 orc priests
  9 orc wizards
  4 iguanas
  5 worker ants
  2 hound zombies
  A hound skeleton (D:5)
  4 adders
  2 shadow imps
  2 adder skeletons
  A dart slug (D:1)
  3 leopard geckos
  32 orcs
  4 giant cockroaches
  A goblin (D:2)
  4 hobgoblins
  10 jackals
  3 kobolds
  3 quokkas
  A ball python (D:4)
  A bat (D:1)
  3 frilled lizards
  A giant cockroach zombie (D:6)
  6 rats
135 creatures vanquished.

Notes
Turn   | Place    | Note
-------+----------+-------------------------------------------
     0 | D:1      | ArgaWasAlreadyTaken the Deep Dwarf Fighter began the quest for the Orb.
     0 | D:1      | Reached XP level 1. HP: 20/20 MP: 1/1
   132 | D:1      | Reached XP level 2. HP: 22/27 MP: 2/2
   375 | D:3      | Reached skill level 3 in Fighting
   378 | D:3      | Reached skill level 3 in Axes
   378 | D:3      | Reached XP level 3. HP: 13/34 MP: 3/3
   392 | D:3      | Reached XP level 4. HP: 15/42 MP: 4/4
   663 | D:4      | Reached XP level 5. HP: 44/49 MP: 5/5
   767 | D:4      | Found a staircase to the Ecumenical Temple.
   779 | Temple   | Entered the Ecumenical Temple
   946 | D:4      | Reached XP level 6. HP: 38/57 MP: 6/6
   989 | D:4      | Found Ynerhyaq's Serpentskin Sales.
  1036 | D:4      | Noticed ArgaWasAlreadyTaken's ghost (amateur DDFi)
  1054 | D:4      | Killed ArgaWasAlreadyTaken's ghost
  1058 | D:5      | Entered Level 5 of the Dungeon
  1065 | D:5      | Reached XP level 7. HP: 49/64 MP: 5/5
  1473 | D:5      | Reached skill level 6 in Shields
  1530 | D:5      | Reached skill level 6 in Armour
  1564 | D:6      | Reached XP level 8. HP: 43/74 MP: 5/5
  1812 | D:6      | Reached skill level 6 in Axes
  2584 | D:7      | Reached skill level 6 in Fighting
  2584 | D:7      | Gained mutation: You passively map the area around you. [Deep Dwarf growth]
  2584 | D:7      | Reached XP level 9. HP: 48/82 MP: 6/6
  2829 | D:8      | Noticed wazuzu's ghost (novice GnWn)
  2861 | D:8      | Gained mutation: You evolve. [potion of mutation]
  2861 | D:8      | Gained mutation: Your body sometimes deteriorates upon taking damage. [potion of mutation]
  2861 | D:8      | Gained mutation: You are frail. (-10% HP) [potion of mutation]
  2861 | D:8      | Gained mutation: You have very sharp teeth. [potion of mutation]
  2883 | D:8      | Killed wazuzu's ghost
  2954 | D:8      | Noticed Erica
  2955 | D:8      | Lost mutation: Your body sometimes deteriorates upon taking damage. [potion of mutation]
  2955 | D:8      | Lost mutation: You are frail. (-10% HP) [potion of mutation]
  2955 | D:8      | Gained mutation: You are partially covered in large bone plates. (SH +4) [potion of mutation]
  2955 | D:8      | Gained mutation: You are clumsy. (Dex -2) [potion of mutation]
  2955 | D:8      | Lost mutation: You are clumsy. (Dex -2) [potion of mutation]
  2974 | D:8      | Killed Erica
  3051 | D:8      | Noticed a troll
  3054 | D:8      | Noticed a two-headed ogre
  3059 | D:8      | Killed a troll
  3065 | D:8      | HP: 4/86 [two-headed ogre/dire flail (14)]
  3065 | D:8      | Slain by a two-headed ogre

Vault maps used:
D:1:      nicolae_arrival_washed_ashore, hangedman_decor_push
D:2:      grunt_dithmenos_smoke_and_mirrors, serial_forest,
          infiniplex_forest_clump_cross, infiniplex_forest_lined_3,
          infiniplex_forest_end_1, infiniplex_forest_clump_diagonal,
          infiniplex_forest_clump_diagonal
D:3:      old_standard_altar
D:4:      minmay_temple_entry_glass, guppyfry_shop_venom
D:5:      first_ration
D:8:      marbit_many_paths, nicolae_overflow_quartered_altars, uniq_erica
Temple:   eino_wide_crystal_templ

Skill      XL: |  1  2  3  4  5  6  7  8  9 |
---------------+----------------------------+-----
Fighting       | 3 4 5 6 7 |  7.1
Axes           | 3 4 5 6 8 |  8.2
Armour         | 4 5 6 7 8 |  8.5
Shields        | 4 5 6 7 8 |  8.5

Action                   |  1- 3 |  4- 6 |  7- 9 || total
-------------------------+-------+-------+-------++-------
Melee: War axe           |    75 |   151 |   381 ||   607
       Bite              |       |       |     5 ||     5
 Abil: Heal Wounds       |       |     4 |    16 ||    20
Evoke: Wand              |       |       |     2 ||     2
  Use: Potion            |       |       |     7 ||     7
  Eat: Chunk             |       |     1 |     7 ||     8
Armor: Scale mail        |    32 |     1 |       ||    33
       Plate armour      |       |   100 |   326 ||   426
Dodge: Dodged            |    22 |    25 |    82 ||   129
Block: Shield            |    49 |    96 |   255 ||   400

Table legend:
 A = Spawn XP
 B = Non-spawn XP
 C = Spawn XP percentage of total XP
 D = Spawn monster count
 E = Non-spawn monster count
 F = Spawn count percentage of total count
 G = Total turns spent on level
                    A         B        C        D         E        F      G
               +---------+---------+-------+---------+---------+-------+---------
         Total |       0 |    5407 |   0.0 |       0 |     135 |   0.0 |  3065
               +---------+---------+-------+---------+---------+-------+---------
           D:1 |       0 |      19 |   0.0 |       0 |      11 |   0.0 |   205
           D:2 |       0 |      15 |   0.0 |       0 |       9 |   0.0 |   157
           D:3 |       0 |      70 |   0.0 |       0 |       6 |   0.0 |    56
           D:4 |       0 |     616 |   0.0 |       0 |      32 |   0.0 |   584
           D:5 |       0 |     694 |   0.0 |       0 |      23 |   0.0 |   497
           D:6 |       0 |     818 |   0.0 |       0 |      20 |   0.0 |   547
           D:7 |       0 |     641 |   0.0 |       0 |      26 |   0.0 |   704
           D:8 |       0 |    2534 |   0.0 |       0 |       8 |   0.0 |   259
               +---------+---------+-------+---------+---------+-------+---------
